Map: Magannatha LE

Players

ManlyManMeat - Winner!

  • Race: Protoss Protoss
  • Spawn Location: 11:00

MeddlLoide

  • Race: Zerg Zerg
  • League: Platinum
  • Spawn Location: 5:00

VOD

Have the link to the VOD?

Description

Time

  • Played on: May 16, 2025, 4:48 p.m.
  • Length: 31:07
Show
View Real Time Build Order
Export as new Build Order

ManlyManMeat Protoss - Winner!

Build Orders: 1 Gate Expand, Oracle Opening, Carriers 

Get SALT Encoding   

  12  0:04  Probe  
  12  0:16  Probe  
  12  0:19  Pylon  
  12  0:30  Probe  
  12  0:39  Gateway  
  12  0:57  Probe  
  12  1:09  Nexus  
  12  1:13  Probe  
  12  1:18  Assimilator  
  12  1:25  Probe  
  12  1:33  Cybernetics Core  
  12  1:44  Probe  
  12  1:55  Assimilator  
  12  2:02  Probe  
  12  2:10  Probe  
  12  2:18  Probe  
  12  2:20  Probe  
  12  2:31  Probe  
  12  2:32  Stargate  
  12  2:34  Probe  
  12  2:35  Stalker  
  12  2:43  Probe  
  12  2:46  Warp Gate, Probe  
  12  2:55  Probe  
  12  2:58  Probe  
  12  3:02  Stalker  
  12  3:04  Pylon  
  12  3:08  Probe  
  12  3:10  Probe  
  12  3:20  Probe  
  12  3:28  Probe  
  12  3:32  Probe  
  12  3:33  Pylon, Nexus  
  12  3:38  Oracle  
  12  3:43  Probe x2  
  12  3:51  Probe x2  
  12  3:53  Assimilator  
  12  3:56  Assimilator  
  12  4:00  Probe  
  12  4:01  Probe  
  12  4:04  Stalker  
  12  4:12  Pylon  
  12  4:15  Pylon  
  12  4:24  Probe x2  
  12  4:32  Oracle  
  12  4:34  Probe x2  
  12  4:36  Shield Battery  
  12  4:41  Probe  
  12  4:42  Probe x2  
  12  4:44  Protoss Air Weapons Level 1  
  12  4:50  Probe  
  12  4:52  Pylon  
  12  4:55  Pylon  
  12  4:57  Probe  
  12  4:58  Probe  
  12  4:59  Probe  
  12  5:09  Probe  
  12  5:10  Probe  
  12  5:12  Probe  
  12  5:17  Stargate, Fleet Beacon  
  12  5:18  Probe  
  12  5:21  Probe  
  12  5:24  Probe  
  12  5:39  Forge  
  12  5:42  Forge  
  12  5:45  Forge  
  12  5:49  Probe x2  
  12  5:50  Assimilator  
  12  5:51  Probe  
  12  5:53  Assimilator  
  12  5:57  Probe x2  
  12  6:02  Carrier  
  12  6:03  Probe  
  12  6:11  Carrier  
  12  6:15  Pylon  
  12  6:16  Probe x3  
  12  6:17  Pylon  
  12  6:24  Protoss Shields Level 1  
  12  6:27  Stargate  
  12  6:32  Pylon  
  12  6:36  Pylon  
  12  6:43  Stargate  
  12  7:04  Protoss Air Armor Level 1  
  12  7:19  Carrier x2  
  12  7:25  Nexus  
  12  7:27  Pylon  
  12  7:28  Carrier  
  12  7:29  Assimilator  
  12  7:30  Assimilator  
  12  7:32  Pylon  
  12  7:48  Pylon  
  12  7:49  Pylon, Probe  
  12  7:50  Pylon  
  12  7:51  Assimilator  
  12  7:52  Nexus  
  12  7:56  Assimilator  
  12  7:58  Pylon  
  12  8:01  Probe  
  12  8:13  Carrier, Probe  
  12  8:14  Carrier  
  12  8:16  Carrier  
  12  8:22  Carrier  
  12  8:39  Cybernetics Core  
  12  8:48  Probe  
  12  8:57  Probe x3  
  12  9:00  Probe  
  12  9:03  Protoss Air Armor Level 2  
  12  9:09  Probe x3  
  12  9:12  Probe  
  12  9:15  Twilight Council  
  12  9:17  Protoss Air Weapons Level 2  
  12  9:21  Probe  
  12  9:25  Probe  
  12  9:29  Carrier  
  12  9:34  Protoss Shields Level 2  
  12  9:37  Probe  
  12  9:39  Carrier x2  
  12  9:40  Carrier  
  12  9:49  Probe  
  12  10:34  Carrier, Mothership  
  12  10:43  Carrier x2  
  12  11:44  Protoss Air Weapons Level 3  
  12  11:45  Protoss Air Armor Level 3  
  12  12:19  Protoss Shields Level 3  
  12  15:15  Assimilator  
  12  15:17  Assimilator  
  12  15:21  Pylon  
  12  15:22  Pylon  
  12  15:25  Nexus  
  12  15:33  Pylon, Assimilator  
  12  15:35  Nexus  
  12  15:50  Pylon  
  12  15:52  Assimilator  
  12  17:18  Protoss Ground Armor Level 1  
  12  17:28  Protoss Ground Weapons Level 1  
  12  17:34  Charge  
  12  17:39  Carrier  
  12  17:40  Carrier x3  
  12  19:39  Protoss Ground Armor Level 2  
  12  19:46  Protoss Ground Weapons Level 2  
  12  19:54  Blink  
  12  19:59  Anion Pulse-Crystals  
  12  20:08  Carrier  
  12  20:48  Carrier  
  12  21:16  Gateway x3  
  12  21:19  Gateway  
  12  21:20  Gateway x2  
  12  21:22  Gateway  
  12  21:26  Templar Archives  
  12  21:30  Dark Shrine  
  12  21:33  Robotics Facility  
  12  21:37  Robotics Facility  
  12  21:38  Robotics Facility  
  12  21:39  Resonating Glaives  
  12  21:44  Robotics Facility  
  12  21:48  Robotics Facility  
  12  22:05  Pylon  
  12  22:14  Pylon  
  12  22:15  Zealot  
  12  22:16  Sentry  
  12  22:17  Adept, Stalker  
  12  22:18  Sentry x2  
  12  22:19  High Templar  
  12  22:20  High Templar  
  12  22:25  Observer  
  12  22:26  Warp Prism, Immortal  
  12  22:28  Protoss Ground Armor Level 3, Protoss Ground Weapons Level 3  
  12  22:29  Phoenix  
  12  22:30  Oracle, Tempest  
  12  22:35  Void Ray  
  12  22:41  Robotics Bay  
  12  22:44  Robotics Bay  
  12  22:50  Flux Vanes, Robotics Bay  
  12  22:52  Robotics Bay  
  12  23:32  Shadow Stride  
  12  23:33  Psionic Storm  
  12  23:36  Gravitic Boosters  
  12  23:37  Gravitic Drive, Extended Thermal Lance  
  12  23:53  Warp Prism  
  12  24:04  Dark Templar  
  12  24:05  High Templar  
  12  24:08  Archon  
  12  24:18  Colossus  
  12  24:21  Disruptor  
  12  25:21  Unknown  
  12  27:11  High Templar  
  12  27:12  High Templar  
  12  27:17  Archon  
  12  27:51  Zealot, Stalker  
  12  28:27  Zealot  
  12  28:28  Stalker  
  12  28:39  Colossus  
  12  28:43  Disruptor  
  12  29:08  Disruptor  
  12  29:09  Disruptor  
  12  29:25  Disruptor  
  12  29:44  Disruptor x2  
Show
View Real Time Build Order
Export as new Build Order

MeddlLoide Zerg 

Build Orders:  

Get SALT Encoding   

Tags
 
Add a new tag
Caveats
  • Supply blocks, unpowered buildings, or Contaminate may cause inaccurate times.
  • Supply counts are checked every 10 seconds.